 Dungeon Crawl Stone Soup version 0.26.0-10-g1f06aea511 (webtiles) character file.

Game seed: 2473712507645997611

91 nightchill the Chiller (level 4, -1/33 HPs)
             Began as a Merfolk Ice Elementalist on Jan 20, 2021.
             Was an Initiate of Ru.
             Slain by an ogre
             ... wielding a +0 giant spiked club
              (21 damage)
             ... on level 3 of the Dungeon on Jan 24, 2021.
             The game lasted 00:08:47 (2914 turns).

nightchill the Chiller (Merfolk Ice Elementalist)   Turns: 2914, Time: 00:08:47

Health: -1/33      AC:  8    Str:  8    XL:     4   Next: 59%
Magic:  0/8        EV: 13    Int: 15    God:    Ru [......]
Gold:   141        SH:  0    Dex: 14    Spells: 1/8 levels left

rFire    . . .     SeeInvis .   d - +0 dagger
rCold    . . .     Faith    .   (no shield)
rNeg     . . .     Spirit   .   a - +0 robe
rPois    .         Reflect  .   (no helmet)
rElec    .         Harm     .   (no cloak)
rCorr    .         Rampage  .   (no gloves)
Will     .....                  (no boots)
Stlth    ++........             (no amulet)
HPRegen  0.11/turn              (no ring)
MPRegen  0.11/turn              (no ring)

@: icy armour, frozen ramparts
A: change form in water, swift swim, stealthy swim
a: Renounce Religion


You were on level 3 of the Dungeon.
You worshipped Ru.
Ru was noncommittal.
You visited 1 branch of the dungeon, and saw 3 of its levels.

You collected 141 gold pieces.

Inventory:

Hand Weapons
 c - a +0 club
 d - a +0 dagger (weapon)
Missiles
 b - 100 stones (quivered)
 e - 45 sling bullets
 o - a throwing net
Armour
 a - a +0 robe (worn)
Scrolls
 f - 3 scrolls of identify {unknown}
 g - 2 scrolls of teleportation {unknown}
 h - a scroll of fear {unknown}
 j - 3 scrolls of remove curse {unknown}
 l - 3 scrolls of enchant weapon {unknown}
 m - a scroll of enchant armour {unknown}
 n - a scroll of amnesia {unknown}
Potions
 i - 3 potions of haste {unknown}
 k - 2 potions of lignification {unknown}
 p - 2 potions of cancellation {unknown}


   Skills:
 + Level 2.0 Fighting
 - Level 2.6 Dodging
 - Level 2.1 Stealth
 + Level 2.6 Spellcasting
 * Level 5.5 Ice Magic


You had one spell level left.
You knew the following spells:

 Your Spells              Type           Power        Failure   Level
a - Freeze                Ice            72%          1%          1
b - Frozen Ramparts       Ice            36%          6%          3
c - Ozocubu's Armour      Ice            18%          6%          3

Your spell library contained the following spells:

 Spells                   Type           Power        Failure   Level
 Hailstorm                Conj/Ice       10%          54%         4
 Summon Ice Beast         Ice/Summ       10%          54%         4


Dungeon Overview and Level Annotations

Branches:
Dungeon (3/15)

Altars:
Ru
Uskayaw


Message History

Casting: Ozocubu's Armour (dangerous; 6% risk of failure)
Confirm with . or Enter, or press ? or * to list all spells.
Casting: Frozen Ramparts (dangerous; 6% risk of failure)
Press: ? - help, Dir - look around, f - activate The walls around you are covered in ice.
The wall freezes the ogre.
The ogre hits you but does no damage.
Casting: Frozen Ramparts (dangerous; 6% risk of failure)
Confirm with . or Enter, or press ? or * to list all spells.
You don't have enough magic to cast that spell.
Casting: Frozen Ramparts (dangerous; 6% risk of failure)
Confirm with . or Enter, or press ? or * to list all spells.
You don't have enough magic to cast that spell.
You hit the ogre but do no damage.
The ogre is lightly wounded.
You barely miss the ogre.
The ogre is lightly wounded.
The wall freezes the ogre.
The ogre hits you with a +0 giant spiked club!!
Ouch! That really hurt!
You die...

#.# #.# #.# #.# #.#
######.## ## #.......# ..
#########.####..###.#####
..........# #..@O†......
########### ##.###.#####
# #.# # # #.# # #.# # #.#
# #.# # #.#


You could see an ogre.

Vanquished Creatures
  2 adders
  An ooze (D:1)
  2 worms (D:2)
  A dart slug (D:2)
  6 leopard geckos
  9 bats
  5 giant cockroaches
  2 goblins (D:2)
  2 hobgoblins (D:1)
  A quokka (D:2)
  A ball python (D:2)
  11 frilled lizards
  10 kobolds
  4 rats
57 creatures vanquished.

Notes
Turn   | Place    | Note
-------+----------+-------------------------------------------
     0 | D:1      | nightchill the Merfolk Ice Elementalist began the quest for
                  | the Orb.
     0 | D:1      | Reached XP level 1. HP: 13/13 MP: 3/3
   238 | D:1      | Reached XP level 2. HP: 18/20 MP: 1/5
   450 | D:1      | Reached skill level 1 in Fighting
   683 | D:1      | Reached XP level 3. HP: 15/26 MP: 4/6
   833 | D:1      | Reached skill level 5 in Ice Magic
  1738 | D:2      | Reached XP level 4. HP: 24/33 MP: 0/7
  1824 | D:2      | Learned a level 3 spell: Frozen Ramparts
  1828 | D:2      | Learned a level 3 spell: Ozocubu's Armour
  2159 | D:2      | Found a sacrificial altar of Ru.
  2164 | D:2      | Became a worshipper of Ru the Awakened
  2336 | D:2      | Found a hide-covered altar of Uskayaw.
  2908 | D:3      | Noticed an ogre
  2914 | D:3      | Slain by an ogre

Illustrated notes

Levels and vault maps discovered:
D:1:      dpeg_arrival_houses_and_road, layout_rooms
D:2:      layout_rooms, overflow_temple_1_default, grunt_ministairs_11,
          nicolae_ru_the_path_less_chosen
D:3:      layout_loops_ring, minivault_19, minmay_cupped, uniq_terence

Skill      XL: |  1  2  3  4 |
---------------+-------------+-----
Fighting       | 1 2 |  2.0
Ice Magic      | 5 |  5.5
Dodging        | |  2.6
Stealth        | |  2.1
Spellcasting   | |  2.6

Action                   |  1- 3 |  4- 6 || total
-------------------------+-------+-------++-------
Melee: Dagger            |   111 |    57 ||   168
Throw: Stone             |       |     1 ||     1
 Cast: Freeze            |    28 |     7 ||    35
       Frozen Ramparts   |       |     4 ||     4
       Ozocubu's Armour  |       |     1 ||     1
 Stab: Sleeping          |     6 |     3 ||     9
Armor: Robe              |    35 |    14 ||    49
Dodge: Dodged            |   119 |    46 ||   165
